 Dungeon Crawl Stone Soup version 0.20.1-1-g8b1a95d (webtiles) character file.

109285 nightchill the Warrior (level 16, -2/149 HPs)
             Began as a Minotaur Berserker on Dec 30, 2017.
             Was the Champion of Trog.
             Slain by a death yak (17 damage)
             ... led by Polyphemus
             ... on level 2 of the Shoals.
             The game lasted 01:59:04 (27353 turns).

nightchill the Warrior (Minotaur Berserker)        Turns: 27353, Time: 01:59:04

Health: -2/149     AC: 23    Str: 29    XL:     16   Next: 4%
Magic:  20/20      EV: 15    Int:  4    God:    Trog [******]
Gold:   2152       SH: 15    Dex: 12    Spells: 15/15 levels left

rFire    . . .     SeeInvis +   a - +6 flail "Meckeen" {freeze, Str+2}
rCold    . . .     Gourm    .   F - +0 shield
rNeg     . . .     Faith    .   K - +1 plate armour {MR+}
rPois    .         Spirit   .   (helmet restricted)
rElec    .         Reflect  .   P - +0 cloak
rCorr    .         Harm     .   L - +0 pair of gloves
MR       +++..                  x - +1 pair of boots
Stlth    ..........             m - amulet of regeneration
Regen    0.8/turn               U - ring of protection from magic
MPRegen  0.2/turn               C - ring of see invisible

@: about to teleport, berserk cooldown, slowed, very slow
A: retaliatory headbutt, horns 2
a: Berserk, Trog's Hand, Brothers in Arms, Burn Spellbooks, Renounce Religion


You were on level 2 of the Shoals.
You worshipped Trog.
Trog was exalted by your worship.
You were very hungry.

You visited 5 branches of the dungeon, and saw 26 of its levels.
You also visited: Ossuary.

You collected 2152 gold pieces.

Inventory:

Hand Weapons
 a - the +6 flail "Meckeen" (weapon) {freeze, Str+2}
   (You found it on level 4 of the Dungeon)

   It has been specially enchanted to freeze those struck by it, causing extra
   injury to most foes and up to half again as much damage against particularly
   susceptible opponents.
   It can also slow down cold-blooded creatures.
   It affects your strength (+2).
 b - a +3 antimagic eveningstar
 t - a +3 demon whip of electrocution
 v - a +7 antimagic great mace
 N - the +8 morningstar "Miodd" {crush, -Tele rF+ rC+ Int+6}
   (You found it on level 2 of the Shoals)

   It inflicts extra damage upon your enemies.
   It affects your intelligence (+6).
   It protects you from fire.
   It protects you from cold.
   It prevents most forms of teleportation.
 O - a +0 whip
 X - a +0 blowgun
Missiles
 B - 4 needles of confusion
 G - 99 poisoned needles (quivered)
 J - 8 sling bullets
Armour
 e - a +2 plate armour of positive energy
 x - a +1 pair of boots (worn)
 F - a +0 shield (worn)
 K - a +1 plate armour of magic resistance (worn)
 L - a +0 pair of gloves (worn)
 P - a +0 cloak (worn)
Jewellery
 g - an uncursed ring of resist corrosion
 m - an amulet of regeneration (around neck)
 s - an uncursed ring of positive energy
 C - a ring of see invisible (right hand)
 U - a ring of protection from magic (left hand)
 Y - an uncursed ring of positive energy
Wands
 d - a wand of random effects (17/48)
 D - a wand of polymorph (9/24)
 V - a wand of polymorph (24/24)
Scrolls
 f - 3 scrolls of fear
 h - 8 scrolls of identify
 i - 6 scrolls of enchant armour
 l - 12 scrolls of remove curse
 o - 3 scrolls of recharging
 y - a scroll of enchant weapon
 z - a scroll of fog
 A - 2 scrolls of brand weapon
 H - 12 scrolls of teleportation
Potions
 j - 6 potions of curing
 p - 3 potions of might
 q - 5 potions of flight
 r - a potion of invisibility
 I - a potion of haste
 M - a potion of brilliance {unknown}
 R - a potion of resistance
 W - 2 potions of berserk rage
Miscellaneous
 n - a lightning rod (3/4)
 T - a phial of floods
 Z - a box of beasts
Comestibles
 c - 13 bread rations
 k - 8 meat rations
 u - 20 fruits
 w - 6 royal jellies
 E - 2 chunks of flesh


   Skills:
 + Level 15.6 Fighting
 - Level 14.7 Maces & Flails
 + Level 14.0 Armour
 + Level 14.0 Dodging
 - Level 15.0 Shields
 + Level 6.9 Evocations


You had 15 spell levels left.
You didn't know any spells.

Dungeon Overview and Level Annotations

Branches:
Dungeon (15/15)            Temple (0/1) D:7            Lair (6/6) D:9
 Shoals (2/4) Lair:4       Spider (0/4) Lair:2        Slime (0/5) Lair:5
    Orc (2/2) D:12            Elf (0/3) Orc:2        Vaults (0/5) D:13
 Depths (1/5) D:15

Altars:
Ashenzari
Fedhas
Hepliaklqana
Kikubaaqudgha
Makhleb
Nemelex Xobeh
Ru
Sif Muna
Trog
Uskayaw
Xom
Zin
The Shining One

Shops:
D:4 ?   D:12 (   Orc:2 *%?:

Annotations:
D:14 exclusion: downstairs
Lair:1 exclusion: oklob plant
Lair:3 1 exclusion
Lair:5 exclusion: oklob plant
Shoals:2 Polyphemus
Orc:2 2 runed doors, exclusions: door and orange crystal statue


Innate Abilities, Weirdness & Mutations

You reflexively headbutt those who attack you in melee.
You have a pair of horns on your head.


Message History

As you read the scroll of teleportation, it crumbles to dust.
You feel strangely unstable.
You are engulfed in calcifying dust.
The death yak is engulfed in calcifying dust.
The death yak is moving more slowly.
The death yak misses you. You furiously retaliate!
You headbutt the death yak, but do no damage.
The catoblepas breathes a plume of calcifying dust at you.
The blast of calcifying dust hits you!
* * * LOW HITPOINT WARNING * * *
The blast of calcifying dust hits the death yak.
The death yak gores you but does no damage.
The death yak is engulfed in calcifying dust.
The death yak stops moving altogether!
Aiming: Thunderbolt
Press: ? - help, Shift-Dir - straight line, f - catoblepas
Aim: a catoblepas The thunderbolt hits the catoblepas.
The catoblepas is lightly wounded.
You are engulfed in calcifying dust.
The death yak gores you!
You die...

≈≈≈≈≈....P..PPPP.#P≈≈≈≈≈≈≈
≈≈≈≈≈≈........P.PPP≈≈≈P≈≈≈≈
≈≈≈≈≈..........P≈≈≈≈≈P≈≈≈≈≈
≈≈≈≈≈......P...≈..P≈≈≈≈≈≈≈≈
≈≈≈.......##PPPP..P≈≈≈≈...≈
≈≈≈..≈≈≈..#..P..P..≈≈≈≈.##≈
≈≈≈≈≈≈........PP....≈≈≈.#.≈
≈≈≈≈≈≈..(YCY...P.###..≈≈≈≈≈
≈≈≈≈≈...##@.≈.P.## ##..≈≈≈≈
≈≈≈≈≈..####Y....######..≈≈.
≈≈≈≈... #.§≈≈≈......PP≈..
≈≈≈≈Y.. ##..≈≈≈....##P..#
≈≈≈≈≈≈. ##.≈≈≈...#######
≈≈≈≈≈Y. ##.≈≈≈...#######
≈≈≈YC.. ..≈≈≈≈≈≈.......#
≈≈≈≈≈.. ≈≈≈≈≈≈≈≈..####..
≈≈≈≈≈≈≈≈.## ###


You could see Polyphemus, 2 death yaks and a catoblepas.

Vanquished Creatures
  Rupert (D:12)
  An orc warlord (Orc:2)
  A stone giant (D:15)
  A merfolk javelineer (Shoals:1)
  A fire dragon (Lair:6)
  The ghost of p0werm0de the Cleaver, a journeyman DDFi of Makhleb (D:12)
  4 centaur warriors
  4 vault guards (D:13)
  8 hydras
  10 two-headed ogres
  A merfolk avatar (Shoals:1)
  A death knight (D:13)
  An ogre mage (D:15)
  12 death yaks
  3 orc high priests (Orc:2)
  6 skeletal warriors
  2 sea snakes (Shoals:1)
  3 unseen horrors
  A wizard (D:15)
  A swamp dragon (Lair:6)
  A glowing orange brain (D:15)
  5 harpies (Shoals:1)
  2 orc knights (Orc:2)
  A deep elf mage (D:14)
  Pikel (D:9)
  A wolf spider zombie (D:15)
  3 orc sorcerers (Orc:1)
  6 manticores
  9 ugly things
  3 merfolk sirens
  2 fauns (Shoals:1)
  A cyclops (D:13)
  4 elephants (Lair:3)
  Maurice (D:9)
  4 black mambas
  3 water nymphs
  Psyche (D:12)
  A black mamba (shapeshifter) (D:15)
  6 spiny frogs
  3 gargoyles
  2 rime drakes (Lair:5)
  11 komodo dragons
  A tengu conjurer (D:13)
  A freezing wraith (D:13)
  4 trolls
  A troll (shapeshifter) (D:15)
  A polar bear (Lair:3)
  6 merfolk (Shoals:1)
  2 polar bears (shapeshifter)
  12 blink frogs
  A wind drake (Shoals:1)
  22 slime creatures
  14 dream sheep
  A centaur simulacrum (D:15)
  8 hippogriffs
  5 water elementals
  17 yaks
  A spriggan (shapeshifter) (D:15)
  A tarantella (Lair:2)
  2 wraiths
  8 basilisks
  3 wyverns
  4 hungry ghosts
  Grum (D:9)
  3 steam dragons
  Menkaure (D:5)
  A warg (Orc:2)
  3 acid dragons (Lair:6)
  15 water moccasins
  Duvessa (D:7)
  9 porcupines
  A meliai simulacrum (D:14)
  4 ice beasts
  3 sky beasts
  30 orc warriors
  4 slaves (D:9)
  2 swamp drakes (Lair:6)
  A black bear (D:9)
  An eye of draining (D:13)
  A phantom (D:3)
  14 wolves
  19 ogres
  11 centaurs
  16 crocodiles
  5 big kobolds
  16 bullfrogs
  A gnoll sergeant (D:11)
  Blork the orc (D:5)
  An earth elemental (Orc:2)
  A wyvern zombie (D:6)
  11 scorpions
  A wyvern skeleton (D:11)
  Dowan (D:7)
  10 killer bees (D:13)
  12 wights
  9 howler monkeys
  5 crimson imps
  A bullfrog zombie (D:11)
  3 human zombies (Ossuary)
  8 centaur zombies
  A quasit (D:10)
  4 hounds
  19 orc wizards
  2 bullfrog skeletons (D:13)
  3 centaur skeletons
  18 orc priests
  A jelly (D:11)
  Jessica (D:2)
  Natasha (thrice) (D:2)
  6 iguanas
  5 worker ants
  2 big kobold zombies (Ossuary)
  A hound zombie (D:9)
  2 mummies (Ossuary)
  A worker ant zombie (D:5)
  10 gnolls
  5 scorpion zombies (Ossuary)
  9 adders
  A shadow imp (D:10)
  2 oozes (D:5)
  An adder skeleton (D:9)
  4 worms
  A dart slug (D:1)
  4 leopard geckos
  95 orcs
  6 bats
  7 giant cockroaches
  3 gnoll zombies (Ossuary)
  9 hobgoblins
  6 jackals
  33 kobolds
  5 quokkas
  A ball python (D:1)
  5 frilled lizards
  2 goblins
  A goblin zombie (Ossuary)
  A hobgoblin zombie (Ossuary)
  A kobold zombie (Ossuary)
  3 orc zombies (Ossuary)
  6 rats
  3 plants
769 creatures vanquished.

Vanquished Creatures (collateral kills)
  2 orc high priests (Orc:2)
  4 orc knights (Orc:2)
  3 yaks (Lair:5)
  13 orc warriors (Orc:2)
  7 orc priests (Orc:2)
  6 orcs (Orc:2)
35 creatures vanquished.

Vanquished Creatures (others)
  A mummy (Ossuary)
  2 bushes (Lair:6)
  4 fungi
  18 plants
25 creatures vanquished.

Grand Total: 829 creatures vanquished

Notes
Turn   | Place    | Note
-------+----------+-------------------------------------------
     0 | D:1      | nightchill the Minotaur Berserker began the quest for the Orb.
     0 | D:1      | Reached XP level 1. HP: 19/19 MP: 0/0
   171 | D:1      | Reached XP level 2. HP: 18/26 MP: 1/1
   576 | D:1      | Reached skill level 5 in Maces & Flails
   865 | D:2      | Reached XP level 3. HP: 25/31 MP: 2/2
   885 | D:2      | Noticed Natasha
   904 | D:2      | Killed Natasha
   906 | D:2      | Found a sparkling altar of Nemelex Xobeh.
   906 | D:2      | Found a glowing golden altar of the Shining One.
   906 | D:2      | Found a shattered altar of Ashenzari.
   912 | D:2      | Noticed Jessica
   919 | D:2      | Killed Jessica
   919 | D:2      | Reached XP level 4. HP: 36/39 MP: 3/3
  1062 | D:2      | Reached ** piety under Trog
  1276 | D:2      | Noticed Natasha
  1285 | D:2      | Killed Natasha
  1451 | D:2      | Noticed Natasha
  1469 | D:2      | Killed Natasha
  1469 | D:2      | Reached XP level 5. HP: 3/45 MP: 4/4
  2063 | D:2      | Found an ancient bone altar of Kikubaaqudgha.
  2235 | D:3      | Noticed a phantom
  2277 | D:3      | Killed a phantom
  2431 | D:3      | Reached XP level 6. HP: 46/51 MP: 5/5
  2724 | D:4      | Found Ygym's Magic Scroll Emporium.
  2778 | D:4      | Found a sand-covered staircase.
  2792 | D:4      | Got a jewelled flail
  2793 | D:4      | Identified the +6 flail "Meckeen" {freeze, Str+2} (You found it on level 4 of the Dungeon)
  2799 | Ossuary  | Entered an ossuary
  2832 | Ossuary  | Reached XP level 7. HP: 37/57 MP: 6/6
  3025 | Ossuary  | Reached skill level 10 in Maces & Flails
  3067 | Ossuary  | Reached *** piety under Trog
  3482 | Ossuary  | Reached XP level 8. HP: 64/64 MP: 7/7
  4063 | D:5      | Entered Level 5 of the Dungeon
  4099 | D:5      | Reached skill level 1 in Shields
  4143 | D:5      | Found a burning altar of Makhleb.
  4147 | D:5      | Found a deep blue altar of Sif Muna.
  4149 | D:5      | Found a bloodstained altar of Trog.
  4190 | D:5      | Noticed Menkaure
  4198 | D:5      | Killed Menkaure
  4388 | D:5      | Noticed Blork the orc
  4392 | D:5      | Killed Blork the orc
  4516 | D:5      | Reached skill level 5 in Fighting
  4636 | D:5      | Found a hide-covered altar of Uskayaw.
  4935 | D:6      | Reached **** piety under Trog
  5084 | D:6      | Reached XP level 9. HP: 75/75 MP: 8/8
  6061 | D:7      | Reached skill level 5 in Dodging
  6223 | D:7      | Found a staircase to the Ecumenical Temple.
  6276 | D:7      | Found a shimmering altar of Xom.
  6346 | D:7      | Reached skill level 5 in Shields
  6670 | D:7      | Noticed Dowan
  6672 | D:7      | Noticed Duvessa
  6674 | D:7      | Killed Dowan
  6684 | D:7      | Killed Duvessa
  6894 | D:8      | Noticed a gargoyle
  6905 | D:8      | Killed a gargoyle
  7153 | D:8      | Found a blossoming altar of Fedhas.
  7183 | D:8      | Noticed a two-headed ogre
  7188 | D:8      | Killed a two-headed ogre
  7188 | D:8      | Reached XP level 10. HP: 78/88 MP: 9/9
  7405 | D:8      | Found a hazy altar of Hepliaklqana.
  7436 | D:8      | Found a glowing silver altar of Zin.
  8045 | D:8      | Noticed a two-headed ogre
  8050 | D:8      | Killed a two-headed ogre
  8315 | D:9      | Noticed Maurice
  8330 | D:9      | Killed Maurice
  8470 | D:9      | Found a sacrificial altar of Ru.
  8582 | D:9      | Reached skill level 5 in Armour
  8603 | D:9      | Noticed Grum
  8613 | D:9      | Reached ***** piety under Trog
  8620 | D:9      | Killed Grum
  8855 | D:9      | Found a staircase to the Lair.
  8940 | D:9      | Noticed Pikel
  8951 | D:9      | Killed Pikel
  8951 | D:9      | Reached XP level 11. HP: 92/97 MP: 10/10
  8982 | D:9      | Noticed a two-headed ogre
  8991 | D:9      | Killed a two-headed ogre
  9650 | D:9      | Noticed a two-headed ogre
  9655 | D:9      | Killed a two-headed ogre
  9664 | Lair:1   | Entered Level 1 of the Lair of Beasts
  9762 | Lair:1   | Noticed an oklob plant
 10340 | Lair:1   | Noticed a six-headed hydra
 10344 | Lair:1   | Killed a six-headed hydra
 10648 | Lair:1   | Reached skill level 10 in Fighting
 10941 | Lair:2   | Received a gift from Trog
 11116 | Lair:2   | Found a hole to the Spider Nest.
 11629 | Lair:3   | Reached XP level 12. HP: 95/107 MP: 11/11
 11674 | Lair:3   | Noticed a four-headed hydra
 11682 | Lair:3   | Killed a four-headed hydra
 11815 | Lair:3   | Reached skill level 10 in Shields
 12982 | Lair:4   | Found a staircase to the Shoals.
 13051 | Lair:4   | Noticed a six-headed hydra
 13059 | Lair:4   | Killed a six-headed hydra
 13059 | Lair:4   | Reached skill level 10 in Dodging
 13225 | Lair:5   | Noticed a death yak
 13226 | Lair:5   | Noticed a death yak
 13227 | Lair:5   | Noticed a death yak
 13228 | Lair:5   | Noticed a death yak
 13228 | Lair:5   | Noticed a death yak
 13232 | Lair:5   | Killed a death yak
 13236 | Lair:5   | Killed a death yak
 13239 | Lair:5   | Killed a death yak
 13243 | Lair:5   | Killed a death yak
 13249 | Lair:5   | Killed a death yak
 13249 | Lair:5   | Reached XP level 13. HP: 104/117 MP: 12/12
 13263 | Lair:5   | Reached skill level 10 in Armour
 13609 | Lair:5   | Found a staircase to the Slime Pits.
 14237 | Lair:6   | Entered Level 6 of the Lair of Beasts
 15082 | Lair:6   | Received a gift from Trog
 15596 | Lair:6   | Noticed a fire dragon
 15686 | Lair:6   | Killed a fire dragon
 16196 | D:10     | Entered Level 10 of the Dungeon
 16872 | D:10     | Reached XP level 14. HP: 129/129 MP: 13/13
 16991 | D:11     | Reached skill level 1 in Evocations
 17092 | D:11     | Received a gift from Trog
 17770 | D:12     | Found a staircase to the Orcish Mines.
 18019 | D:12     | Noticed Rupert
 18035 | D:12     | Killed Rupert
 18336 | D:12     | Reached ****** piety under Trog
 18513 | D:12     | Noticed Psyche
 18528 | D:12     | Killed Psyche
 18592 | D:12     | Found Fokko's Weapon Shop.
 18606 | D:12     | Received a gift from Trog
 18607 | D:12     | Noticed p0werm0de's ghost (journeyman DDFi)
 18632 | D:12     | Killed p0werm0de's ghost
 19159 | Orc:1    | Entered Level 1 of the Orcish Mines
 20251 | Orc:2    | Entered Level 2 of the Orcish Mines
 20251 | Orc:2    | Found a staircase to the Elven Halls.
 20297 | Orc:2    | Received a gift from Trog
 20382 | Orc:2    | Found a runed door.
 20445 | Orc:2    | Noticed an orc warlord
 20489 | Orc:2    | Killed an orc warlord
 20641 | Orc:2    | Found a runed door.
 21516 | Orc:2    | Found Feqym's Book Shoppe.
 21516 | Orc:2    | Found Gaaquilupn's Assorted Antiques.
 21517 | Orc:2    | Found Piadu's Magic Scroll Emporium.
 21517 | Orc:2    | Found Cushrene's Food Shoppe.
 22273 | D:13     | Found a gate to the Vaults.
 22312 | D:13     | Reached XP level 15. HP: 139/139 MP: 17/17
 22649 | D:13     | Reached skill level 5 in Evocations
 22972 | D:13     | Received a gift from Trog
 24028 | D:15     | Entered Level 15 of the Dungeon
 24598 | D:15     | Reached skill level 15 in Fighting
 25388 | D:15     | Received a gift from Trog
 25598 | D:15     | Found a staircase to the Depths.
 25612 | Depths:1 | Entered Level 1 of the Depths
 25612 | Depths:1 | Noticed a frost giant
 26109 | Shoals:1 | Entered Level 1 of the Shoals
 26449 | Shoals:1 | Received a gift from Trog
 26449 | Shoals:1 | Reached skill level 15 in Shields
 27158 | Shoals:1 | Reached XP level 16. HP: 116/149 MP: 20/20
 27296 | Shoals:2 | Got a polished morningstar
 27297 | Shoals:2 | Identified the +8 morningstar "Miodd" {crush, -Tele rF+ rC+ Int+6} (You found it on level 2 of the Shoals)
 27321 | Shoals:2 | Noticed Polyphemus
 27353 | Shoals:2 | Slain by a death yak

Skill      XL: |  1  2  3  4  5  6  7  8  9 10 11 12 13 14 15 16 |
---------------+-------------------------------------------------+-----
Maces & Flails | 4 5 6 7 8 9 11 12 13 14 | 14.7
Shields        | 3 6 8 9 11 13 14 15 | 15.0
Fighting       | 5 7 9 10 11 13 14 15 | 15.6
Dodging        | 4 6 7 9 10 11 12 13 14 | 14.0
Armour         | 3 5 7 9 11 12 13 14 | 14.0
Evocations     | 4 6 |  6.9

Action                   |  1- 3 |  4- 6 |  7- 9 | 10-12 | 13-15 | 16-18 || total
-------------------------+-------+-------+-------+-------+-------+-------++-------
Melee: Mace              |    65 |   117 |       |       |       |       ||   182
       Headbutt          |    14 |    17 |    46 |   107 |   384 |     7 ||   575
       Unarmed           |     5 |       |       |       |       |       ||     5
       Flail             |       |    17 |   257 |   440 |  1453 |       ||  2167
       Eveningstar       |       |       |       |       |     6 |       ||     6
       Morningstar       |       |       |       |       |       |    14 ||    14
Invok: Berserk           |       |     2 |     4 |     4 |    17 |     1 ||    28
       Brothers in Arms  |       |       |       |       |     4 |       ||     4
       Trog's Hand       |       |       |       |       |     1 |       ||     1
Evoke: Lightning rod     |       |       |       |       |       |     1 ||     1
  Use: Scroll            |       |     6 |    13 |     9 |     9 |     1 ||    38
       Potion            |       |       |     1 |       |     6 |       ||     7
 Stab: Paralysed         |       |       |       |     1 |       |       ||     1
       Invisible         |       |       |       |       |     1 |       ||     1
  Eat: Chunk             |       |     7 |    15 |    23 |    45 |     2 ||    92
       Fruit             |       |       |     3 |       |     1 |       ||     4
       Bread ration      |       |       |       |       |     4 |       ||     4
Armor: Animal skin       |     4 |       |       |       |       |       ||     4
       Scale mail        |    15 |    36 |    56 |     6 |       |       ||   113
       Plate armour      |       |       |       |   145 |   354 |    16 ||   515
Dodge: Dodged            |    42 |    58 |    84 |   186 |   387 |     7 ||   764
Block: Shield            |       |       |       |       |   710 |     3 ||   713
